 Dungeon Crawl Stone Soup version 0.23.2-1-ga50397a (webtiles) character file.

Game seed: 7998610613874706547

14576 flay the Slicer (level 12, -2/80 HPs)
             Began as an Octopode Enchanter on June 2, 2019.
             Was a High Priest of Okawaru.
             Slain by a tengu conjurer (8 damage)
             ... on level 13 of the Dungeon.
             The game lasted 00:52:53 (14389 turns).

flay the Slicer (Octopode Enchanter)               Turns: 14389, Time: 00:52:53

Health: -2/80      AC:  1    Str:  9    XL:     12   Next: 18%
Magic:  26/31      EV: 20    Int: 19    God:    Okawaru [*****.]
Gold:   630        SH:  0    Dex: 16    Spells: 15/25 levels left

rFire    + . .     SeeInvis +   a - +4 rapier (drain)
rCold    . . .     Gourm    .   (no shield)
rNeg     . . .     Faith    .   (helmet restricted)
rPois    .         Spirit   .   (no amulet)
rElec    .         Reflect  .   O - +3 ring of evasion
rCorr    .         Harm     .   d - +3 ring of evasion
MR       +....                  z - ring of magical power
Stlth    ++++++....             I - ring of protection from magic
HPRegen  0.23/turn              C - ring of protection from fire
MPRegen  0.22/turn              (no ring)
                                (no ring)
                                (no ring)

@: confusing touch
A: almost no armour, stealthy swim, amphibious, 8 rings, constrict 8, camouflage
1, see invisible, strong 1, gelatinous body 1
a: Heroism, Finesse, Renounce Religion


You were on level 13 of the Dungeon.
You worshipped Okawaru.
Okawaru was extremely pleased with you.
You were not hungry.

You visited 2 branches of the dungeon, and saw 14 of its levels.
You also visited: Sewer.

You collected 630 gold pieces.

Inventory:

Hand Weapons
 a - a +4 rapier of draining (weapon)
 b - a +2 short sword of holy wrath
 l - a +6 dagger
 J - a +0 trident
Missiles
 K - 5 tomahawks (quivered)
Jewellery
 d - a +3 ring of evasion (right tentacle)
 z - a ring of magical power (on tentacle)
 B - an uncursed ring of fire
 C - a ring of protection from fire (on tentacle)
 I - a ring of protection from magic (on tentacle)
 O - a +3 ring of evasion (left tentacle)
Wands
 g - a wand of iceblast (9)
 o - a wand of enslavement (9)
 D - a wand of disintegration (5)
 G - a wand of flame (13)
 M - a wand of digging (3)
Scrolls
 e - 4 scrolls of teleportation
 f - a scroll of brand weapon {unknown}
 m - 2 scrolls of enchant armour {unknown}
 n - 2 scrolls of fog {unknown}
 q - 6 scrolls of blinking
 s - a scroll of noise {unknown}
 t - a scroll of fear {unknown}
 u - 5 scrolls of remove curse
 y - a scroll of random uselessness {unknown}
 A - 4 scrolls of immolation {unknown}
 N - a scroll of amnesia {unknown}
 R - a scroll of torment {unknown}
Potions
 h - a potion of brilliance {unknown}
 i - 2 potions of haste {unknown}
 j - 5 potions of might
 k - 2 potions of invisibility
 p - 4 potions of lignification
 r - 7 potions of curing
 v - 3 potions of flight {unknown}
 x - 3 potions of cancellation {unknown}
 E - a potion of heal wounds
 H - 4 potions of ambrosia {unknown}
 L - 2 potions of agility {unknown}
Miscellaneous
 Q - a phial of floods (inert)
Comestibles
 c - 25 rations


   Skills:
 * Level 6.5 Fighting
 * Level 10.7 Short Blades
 - Level 2.0 Dodging
 - Level 10.5 Stealth
 - Level 7.1 Spellcasting
 - Level 8.0 Hexes
 - Level 6.5 Ice Magic
 * Level 4.7 Invocations


You had 15 spell levels left.
You knew the following spells:

 Your Spells              Type           Power        Failure   Level  Hunger
a - Corona                Hex            #####..      1%          1    None
b - Ensorcelled Hibernat  Hex/Ice        ####..       1%          2    None
c - Confuse               Hex            #####...     1%          3    #......
d - Tukima's Dance        Hex            #####...     1%          3    #......
e - Confusing Touch       Hex            #####.       1%          1    None

Your spell library contained the following spells:

 Spells                   Type           Power        Failure   Level  Hunger
 Dazzling Spray           Conj/Hex       ###...       6%          3    #......
 Animate Skeleton         Necr           N/A          10%         1    None
 Apportation              Tloc           #.....       10%         1    None
 Summon Small Mammal      Summ           #...         10%         1    None


Dungeon Overview and Level Annotations

Branches:
Dungeon (13/15)            Temple (1/1) D:7            Lair (0/6) D:11
    Orc (0/2) D:9
 Vaults: D:13-14

Altars:
Ashenzari
Cheibriados
Dithmenos
Elyvilon
Fedhas
Gozag
Hepliaklqana
Kikubaaqudgha
Makhleb
Nemelex Xobeh
Okawaru
Qazlal
Ru
Sif Muna
Trog
Uskayaw
Vehumet
Wu Jian
Xom
Yredelemnul
Zin
The Shining One

Shops:
D:8 (   D:11 *

Annotations:
D:5 1 runed translucent door, bmj180's ghost, novice HOFi
D:7 exclusion: door
D:8 exclusion: downstairs
D:12 Fannar; Frances


Innate Abilities, Weirdness & Mutations

You cannot wear most types of armour.
You are very stealthy in the water. (Stealth+)
You are amphibious.
You can wear up to eight rings at the same time.
You can use your tentacles to constrict eight enemies at once.
Your skin changes colour to match your surroundings (Stealth+).
Your rubbery body absorbs attacks. (AC +1, EV +1)
You have supernaturally acute eyesight. (SInv)
Your muscles are strong. (Str +2)


Message History

Your grab misses the tengu conjurer.
The tengu conjurer is moderately wounded.
The tengu conjurer barely misses you. The tengu conjurer pecks you.
The tengu conjurer claws you.
You barely miss the tengu conjurer. Your grab misses the tengu conjurer.
You squeeze the tengu conjurer, but do no damage.
The tengu conjurer is moderately wounded.
The hippogriff bites you!
* * * LOW HITPOINT WARNING * * *
The hippogriff pecks you.
* * * LOW HITPOINT WARNING * * *
The hippogriff claws you.
* * * LOW HITPOINT WARNING * * *
The tengu conjurer misses you.
The tengu conjurer closely misses you. x2
You feel much better. The hippogriff misses you. The hippogriff pecks you!
* * * LOW HITPOINT WARNING * * *
The hippogriff claws you!
* * * LOW HITPOINT WARNING * * *
The tengu conjurer hits you!
You die...

#.....#......#..#+#...
#.....#......#........
#.....#......#........
#.....##'#####........
##..............##+###.
#.....######'#..'....#
#.....#^.....#..#....#
#.....#......#..#....#
#.....#......#.@#....#
#.....#......#HQ######
#.....#......##..
#.....#.......#..*
#.....#.......#....
#W.... #.....# #.....#


You could see a hippogriff, a wraith, a tengu conjurer and a battlesphere.

Vanquished Creatures
  A two-headed ogre (D:12)
  3 death yaks (D:11)
  An unseen horror (D:13)
  2 manticores
  An ugly thing (D:11)
  2 cyclopes (D:11)
  A centaur zombie (D:10)
  Joseph (D:7)
  A komodo dragon (D:12)
  A hornet (D:10)
  2 hippogriffs (D:7)
  4 slime creatures (D:13)
  3 hungry ghosts
  6 yaks (D:7)
  A basilisk (D:10)
  4 ice beasts
  6 orc warriors
  An eye of draining (D:13)
  8 ogres
  A necrophage (D:9)
  9 centaurs
  6 big kobolds
  A gnoll sergeant (D:10)
  A bullfrog (D:6)
  5 scorpions
  A wyvern zombie (D:8)
  8 killer bees
  5 wights (D:11)
  3 howler monkeys
  4 crimson imps
  6 orc priests
  11 hounds
  A jelly (D:8)
  9 orc wizards
  3 iguanas
  3 centaur skeletons
  9 worker ants
  2 hound zombies
  A howler monkey zombie (D:9)
  7 gnolls
  2 worker ant zombies (D:8)
  13 adders
  3 river rats
  An ooze (Sewer)
  An adder skeleton (D:6)
  An adder zombie (D:6)
  4 worms
  A dart slug (D:2)
  7 leopard geckos
  46 orcs
  7 ball pythons (Sewer)
  12 bats
  10 giant cockroaches
  7 goblins
  4 hobgoblins
  9 jackals
  17 kobolds
  6 quokkas
  2 frilled lizards
  A giant cockroach zombie (D:6)
  2 leopard gecko skeletons
  2 leopard gecko zombies
  11 rats
314 creatures vanquished.

Vanquished Creatures (collateral kills)
  3 wights (D:11)
3 creatures vanquished.

Vanquished Creatures (others)
  2 fungi (D:2)
  6 toadstools (D:2)
8 creatures vanquished.

Grand Total: 325 creatures vanquished

Notes
Turn   | Place    | Note
-------+----------+-------------------------------------------
     0 | D:1      | flay the Octopode Enchanter began the quest for the Orb.
     0 | D:1      | Reached XP level 1. HP: 11/11 MP: 3/3
   240 | D:1      | Reached XP level 2. HP: 17/17 MP: 5/5
   244 | D:1      | Learned a level 2 spell: Ensorcelled Hibernation
   768 | D:2      | Reached XP level 3. HP: 21/21 MP: 3/6
   809 | D:2      | Reached skill level 5 in Stealth
  1376 | D:2      | Reached XP level 4. HP: 27/27 MP: 7/7
  1675 | D:2      | Reached skill level 1 in Ice Magic
  1989 | D:3      | Reached XP level 5. HP: 23/31 MP: 0/8
  2756 | D:4      | Reached XP level 6. HP: 37/37 MP: 6/9
  3053 | D:4      | Gained mutation: Your muscles are strong. (Str +2) [potion
                  | of mutation]
  3053 | D:4      | Gained mutation: Your body sometimes deteriorates upon
                  | taking damage. [potion of mutation]
  3053 | D:4      | Gained mutation: Your muscles are very strong. (Str +4)
                  | [potion of mutation]
  3269 | D:4      | Lost mutation: Your body sometimes deteriorates upon taking
                  | damage. [potion of mutation]
  3269 | D:4      | Lost mutation: Your muscles are very strong. (Str +4)
                  | [potion of mutation]
  3269 | D:4      | Lost mutation: Your muscles are strong. (Str +2) [potion of
                  | mutation]
  3269 | D:4      | Gained mutation: You are weak. (Str -2) [potion of
                  | mutation]
  3269 | D:4      | Gained mutation: You are resistant to hostile enchantments.
                  | (MR+) [potion of mutation]
  3270 | D:4      | Lost mutation: You are resistant to hostile enchantments.
                  | (MR+) [potion of mutation]
  3270 | D:4      | Lost mutation: You are weak. (Str -2) [potion of mutation]
  3270 | D:4      | Gained mutation: Your muscles are strong. (Str +2) [potion
                  | of mutation]
  3270 | D:4      | Gained mutation: You have supernaturally acute eyesight.
                  | (SInv) [potion of mutation]
  3328 | D:4      | Reached XP level 7. HP: 42/42 MP: 6/11
  3369 | D:4      | Learned a level 3 spell: Confuse
  3373 | D:4      | Learned a level 3 spell: Tukima's Dance
  3465 | D:4      | Reached skill level 1 in Fighting
  3632 | D:5      | Entered Level 5 of the Dungeon
  4202 | D:5      | Noticed bmj180's ghost (novice HOFi)
  4203 | D:5      | Found a runed translucent door.
  4408 | D:6      | Reached XP level 8. HP: 27/48 MP: 0/13
  4562 | D:6      | Found a glowing drain.
  4566 | Sewer    | Entered a sewer
  4738 | Sewer    | Reached skill level 5 in Hexes
  5407 | D:6      | Found a stormy altar of Qazlal.
  5954 | D:6      | Found a shimmering altar of Xom.
  5956 | D:6      | Found a blossoming altar of Fedhas.
  5956 | D:6      | Found an opulent altar of Gozag.
  5958 | D:6      | Found an ancient bone altar of Kikubaaqudgha.
  5958 | D:6      | Found an ancient bone altar of Kikubaaqudgha.
  5958 | D:6      | Found a burning altar of Makhleb.
  6390 | D:7      | Reached XP level 9. HP: 37/54 MP: 16/16
  6821 | D:7      | Noticed Joseph
  6825 | D:7      | Killed Joseph
  6825 | D:7      | Reached skill level 5 in Spellcasting
  6874 | D:7      | Reached skill level 5 in Ice Magic
  7181 | D:7      | Reached skill level 5 in Short Blades
  7429 | D:7      | Reached XP level 10. HP: 63/63 MP: 19/19
  7471 | D:7      | Found a staircase to the Ecumenical Temple.
  7480 | Temple   | Entered the Ecumenical Temple
  7584 | Temple   | Became a worshipper of Warmaster Okawaru
  8640 | D:8      | Found Puno's Weapon Shoppe.
  8643 | D:8      | Learned a level 1 spell: Confusing Touch
  8978 | D:9      | Reached * piety under Okawaru
  9019 | D:9      | Noticed a manticore
  9026 | D:9      | Killed a manticore
  9105 | D:9      | Found a staircase to the Orcish Mines.
 10648 | D:10     | Entered Level 10 of the Dungeon
 10651 | D:10     | Reached skill level 10 in Stealth
 10850 | D:10     | Reached ** piety under Okawaru
 11152 | D:10     | Reached XP level 11. HP: 70/70 MP: 21/21
 11487 | D:10     | Reached skill level 1 in Invocations
 11621 | D:10     | Reached skill level 5 in Fighting
 11942 | D:11     | Found Mahoaly's Island Escapes.
 12084 | D:11     | Noticed a green ugly thing
 12123 | D:11     | Killed a green ugly thing
 12123 | D:11     | Reached *** piety under Okawaru
 12501 | D:11     | Noticed a death yak
 12501 | D:11     | Noticed a death yak
 12503 | D:11     | Found a staircase to the Lair.
 12504 | D:11     | Noticed a death yak
 12533 | D:11     | Killed a death yak
 12575 | D:11     | Killed a death yak
 12628 | D:11     | Killed a death yak
 12628 | D:11     | Reached **** piety under Okawaru
 12679 | D:11     | Noticed a cyclops
 12874 | D:11     | Killed a cyclops
 13028 | D:11     | Noticed a cyclops
 13038 | D:11     | Killed a cyclops
 13489 | D:12     | Noticed a manticore
 13491 | D:12     | Killed a manticore
 13654 | D:12     | Reached ***** piety under Okawaru
 13820 | D:12     | Noticed a two-headed ogre
 13827 | D:12     | Killed a two-headed ogre
 13827 | D:12     | Reached skill level 10 in Short Blades
 13827 | D:12     | Reached XP level 12. HP: 80/80 MP: 22/22
 13891 | D:12     | Noticed Fannar
 14060 | D:12     | Noticed Frances
 14389 | D:13     | Slain by a tengu conjurer

Skill      XL: |  1  2  3  4  5  6  7  8  9 10 11 |
---------------+----------------------------------+-----
Stealth        | 5 6 7 8 10 | 10.5
Ice Magic      | 1 2 3 4 6 |  6.5
Hexes          | 4 5 7 8 |  8.0
Short Blades   | 2 3 4 5 7 10 | 10.7
Spellcasting   | 3 4 6 7 |  7.1
Fighting       | 1 2 3 4 6 |  6.5
Invocations    | 4 |  4.7
Dodging        | |  2.0

Action                   |  1- 3 |  4- 6 |  7- 9 | 10-12 || total
-------------------------+-------+-------+-------+-------++-------
Melee: Dagger            |    62 |    88 |   123 |    23 ||   296
       Constrict         |    12 |    11 |    24 |    57 ||   104
       Tentacles         |     6 |     9 |    29 |    77 ||   121
       Short sword       |       |       |    43 |   356 ||   399
       Rapier            |       |       |       |    29 ||    29
 Cast: Ensorcelled Hiber |     5 |    24 |    45 |   112 ||   186
       Confuse           |       |       |       |    11 ||    11
       Tukima's Dance    |       |       |       |    10 ||    10
       Confusing Touch   |       |       |       |     6 ||     6
       Corona            |       |       |       |     1 ||     1
Evoke: Wand              |       |       |       |     3 ||     3
       Phial of floods   |       |       |       |     1 ||     1
  Use: Potion            |       |     3 |     3 |     1 ||     7
       Scroll            |       |       |     9 |     5 ||    14
 Stab: Sleeping          |    15 |    25 |    50 |    84 ||   174
       Distracted        |       |       |     1 |     2 ||     3
       Confused          |       |       |       |     5 ||     5
  Eat: Chunk             |     1 |     8 |    11 |    20 ||    40
       Ration            |       |       |     1 |     2 ||     3
Armor: Skin              |     2 |     6 |     4 |     6 ||    18
Dodge: Dodged            |    36 |    47 |   100 |   235 ||   418
